hackurai, lawful male human Samurai ## ------# |....|### B ##d....---# --------- |.......###@T##).......| ##..(..<.|# |.......| # |....{.|#######........| ### -------- |.......| # --------- # # hackurai the Ninja Experience level: 8 Strength: 18/01 Dexterity: 17 Constitution: 18 Intelligence: 9 Wisdom: 8 Charisma: 6 Health: 0(75) Energy: 31(31) Def: 9 Gold: 1739 Moves: 6077 Dungeon seed: FftqxSuJIriSzOZ0 Game ID: hackurai_1461004265 Your Inventory: Coins $ - 1739 gold pieces Weapons a - an uncursed +0 katana (alternate weapon; not wielded) c - an uncursed +1 yumi (weapon in hand) d - 46 uncursed +0 ya (in quiver) f - 81 uncursed +0 arrows j - 3 blessed +2 darts Armor e - an uncursed rustproof +0 splint mail (being worn) k - an uncursed +0 elven leather helm (being worn) n - an uncursed +0 pair of speed boots (being worn) z - an uncursed +0 elven cloak (being worn) Comestibles l - 2 uncursed sprigs of wolfsbane m - 2 uncursed eucalyptus leaves q - an uncursed fortune cookie v - 6 uncursed gunyoki D - an uncursed pear U - 4 uncursed tripe rations X - an uncursed cram ration Scrolls s - an uncursed scroll of enchant weapon u - an uncursed scroll of light Potions t - an uncursed potion of water Wands p - an uncursed wand of speed monster (0:4) K - an uncursed wand of fire (0:7) Tools x - an uncursed magic lamp (lit) A - an uncursed +0 pick-axe B - an uncursed tin opener L - an uncursed towel (being worn) Spells and supernatural/magical abilities: Name Level Category Fail Memory W - pray for help -- divine ? -- Your skills at the end: Miscellaneous Skills martial arts [Basic] wands [Basic] Weapon Skills short sword [Basic] long sword [Skilled] bow [Basic] Spellcasting Skills Final Attributes: You were fervently aligned. You were sleep resistant. You were shock resistant. You were telepathic. You were stealthy. You were very fast. You are dead. Vanquished creatures: a ghost a giant mimic a large mimic a xan a quantum mechanic a troll a large dog a mumak a giant spider a scorpion an iron piercer a gnome king an orc mummy 2 brown puddings a werewolf 3 Green-elves 2 dogs a housecat a raven 3 human zombies a bugbear an imp 4 wood nymphs 2 orc shamans 2 yellow lights a violet fungus 7 gnome lords 3 gnomish wizards 5 giant ants a little dog a floating eye 3 kittens 4 dwarves 2 homunculi 2 kobold lords a kobold shaman 2 iguanas 4 hill orcs 2 rothes a rabid rat 2 centipedes 8 monkeys 3 orc zombies a dwarf zombie 13 killer bees 3 coyotes a gas spore an acid blob 4 geckos a hobgoblin a brown mold a yellow mold 35 gnomes a garter snake 8 manes a gnome zombie 13 jackals 3 kobolds 8 newts 7 goblins 3 sewer rats 9 grid bugs 7 lichens a kobold zombie 210 creatures vanquished. Voluntary challenges: You had been an atheist until turn 3408. You used a wielded weapon 286 times, starting on turn 10. You did not apply a unicorn horn. You read items or engraved 3 times, starting on turn 4384. You never genocided any monsters. You never polymorphed an object. You never changed form. You used no wishes. You split 1 pudding, starting on turn 2509. You wrote Elbereth's name 2 times, starting on turn 4384. You never violated your personal moral code. Dungeon overview: The Dungeons of Doom: levels 1 to 12 Level 1 a long staircase Level 2 a general store, some fountains Level 3 Level 4 a fountain stairs to The Gnomish Mines Level 5 a fountain Level 6 a fountain Level 7 many fountains Level 8 a fountain stairs to Sokoban Level 9 Level 10 an altar to Susanowo Level 11 Level 12 <- You were here a fountain The Gnomish Mines: levels 5 to 9 Level 5 stairs to The Dungeons of Doom Level 6 Level 7 some shops, a temple to Susanowo, a magic chest, some fountains, a sink Level 8 Level 9 Sokoban: levels 6 to 7 Level 6 Level 7 a magic chest stairs to The Dungeons of Doom History has recorded: On T:1 you entered the Dungeons of Doom to retrieve the Amulet of Yendor! On T:111 you reached level 2 of The Dungeons of Doom. On T:265 you reached level 3 of The Dungeons of Doom. On T:599 you advanced to experience level 2. On T:604 you reached level 4 of The Dungeons of Doom. On T:641 you reached level 5 of The Dungeons of Doom. On T:759 you advanced to experience level 3. On T:885 you reached level 1 of The Gnomish Mines. On T:940 you advanced to experience level 4. On T:952 you reached level 6 of The Dungeons of Doom. On T:1305 you advanced to experience level 5. On T:1562 you reached level 7 of The Dungeons of Doom. On T:1720 you advanced to experience level 6. On T:1905 you reached level 8 of The Dungeons of Doom. On T:2061 you reached level 9 of The Dungeons of Doom. On T:2096 you reached level 10 of The Dungeons of Doom. On T:2293 you reached level 4 of Sokoban. On T:2420 you opened a magic chest. On T:2458 you opened a magic chest. On T:2613 you reached level 3 of Sokoban. On T:2904 you advanced to experience level 7. On T:3118 you opened a magic chest. On T:3119 you opened a magic chest. On T:3365 you reached level 2 of The Gnomish Mines. On T:3400 you reached level 3 of The Gnomish Mines. On T:3400 you entered the Minetown temple On T:3452 you opened a magic chest. On T:4149 you advanced to experience level 8. On T:4316 you opened a magic chest. On T:4346 you opened a magic chest. On T:4552 you opened a magic chest. On T:4553 you opened a magic chest. On T:4553 you opened a magic chest. On T:4592 you opened a magic chest. On T:4596 you opened a magic chest. On T:4653 you opened a magic chest. On T:4716 you reached level 4 of The Gnomish Mines. On T:4878 you reached level 5 of The Gnomish Mines. On T:4979 you opened a magic chest. On T:4979 you opened a magic chest. On T:5018 you opened a magic chest. On T:5489 you reached level 11 of The Dungeons of Doom. On T:5714 you reached level 12 of The Dungeons of Doom. Score breakdown: Gold: 1739 ( 173 points) Experience: 8 levels ( 700 points) Exploration: 12 levels ( 330 points) Discoveries: 19 items ( 950 points) Variety of kills: 64 monsters ( 2000 points) Major goal: reached Minetown ( 500 points) Survival: died (score multiplied by 3) Total score: 13959 Latest messages: You put an uncursed wand of light into the magic chest. You put an uncursed wand of fire into the magic chest. You put an uncursed towel into the magic chest. You put 3 blessed wax candles into the magic chest. You put 11 uncursed tallow candles into the magic chest. You put 2 uncursed green gems into the magic chest. You put an uncursed blue gem into the magic chest. You put an uncursed red gem into the magic chest. Your movements are now unencumbered. You write in the dust with your fingers. You have difficulty writing in your present condition. The troll claws you! The troll misses. The troll bites! You die... Final status: Sayonara hackurai the Samurai, killed by a troll... You died in The Dungeons of Doom on dungeon level 12 with 13959 points, and 1739 pieces of gold, after 6077 moves. You were level 8 with a maximum of 75 hit points when you died.